 Dungeon Crawl Stone Soup version 0.30.0-5-g1a98f26d00 (webtiles) character file.

Game seed: 15853436632811869731

49952 selver the Fighter (level 14, 0/94 HPs)
             Began as a Gargoyle Earth Elementalist on May 12, 2023.
             Was an Initiate of Gozag.
             Killed from afar by an orc sorcerer (28 damage)
             ... with a bolt of fire
             ... on level 1 of the Orcish Mines.
             The game lasted 01:37:34 (24988 turns).

selver the Fighter (Gargoyle Earth Elementalist)   Turns: 24988, Time: 01:37:35

Health: 0/94       AC: 41    Str: 13    XL:     14   Next: 53%
Magic:  7/27       EV: 14    Int: 34    God:    Gozag
Gold:   1641       SH:  0    Dex:  7    Spells: 25/31 levels left

rFire   . . .        a - +1 sling "Xafiesi" {elec, +Blink rF- Int+8 Dex-3}
rCold   + . .        (no shield)
rNeg    + . .        f - +7 chain mail of Space {Int+6}
rPois   ∞            j - +2 hat
rElec   +            l - +0 cloak
rCorr   +            F - +0 pair of gloves
SInv    .            I - +2 pair of boots {Stlth+}
Will    +....        (no amulet) Stlth
                     k - +5 ring of evasion
HPRegen 0.35/turn    u - +4 ring of protection
MPRegen 0.20/turn

%: no passive effects
@: resistant, gold aura, flying, hasted, very quick
A: sickness immunity, AC +10, big wings, negative energy resistance 1,
electricity resistance, torment resistance 1, petrification resistance
a: Renounce Religion, Evoke Blink, Potion Petition, Call Merchant, Bribe Branch


You were on level 1 of the Orcish Mines.
You worshipped Gozag.
Gozag was most pleased with you.
You visited 4 branches of the dungeon, and saw 19 of its levels.

You collected 5310 gold pieces.
You spent 1661 gold pieces at shops.
You paid 2008 gold pieces to Gozag.

Inventory:

Hand Weapons
 a - the +1 sling "Xafiesi" (weapon) {elec, +Blink rF- Int+8 Dex-3}
   (You found it on level 4 of the Dungeon)

   Int:       It affects your intelligence (+8).
   Dex:       It affects your dexterity (-3).
   rF:        It makes you vulnerable to fire.
   +Blink:    It lets you blink.
 b - the +8 dagger "Ohig" {venom, +Blink rPois Dex+4 Stlth-}
   (You found it on level 10 of the Dungeon)

   Dex:       It affects your dexterity (+4).
   rPois:     It protects you from poison.
   +Blink:    It lets you blink.
   Stlth:     It makes you less stealthy.
 d - a +0 short sword of venom
Missiles
 H - 3 throwing nets
Armour
 f - the +7 chain mail of Space (worn) {Int+6}
   (You bought it in a shop on level 10 of the Dungeon)

   Int:       It affects your intelligence (+6).
 j - a +2 hat (worn)
 l - a +0 cloak (worn)
 x - a +1 leather armour of cold resistance
 F - a +0 pair of gloves (worn)
 I - a +2 pair of boots of stealth (worn)
Jewellery
 g - a ring of willpower
 k - a +5 ring of evasion (left hand)
 u - a +4 ring of protection (right hand)
 G - a ring of flight
 N - a +6 ring of dexterity
Wands
 s - a wand of roots (33)
 w - a wand of charming (6)
 J - a wand of digging (10)
 K - a wand of polymorph (5)
 L - a wand of flame (20)
Scrolls
 e - a scroll of poison
 m - 2 scrolls of brand weapon
 o - 2 scrolls of teleportation
 p - 3 scrolls of enchant armour
 r - 5 scrolls of amnesia
 t - 3 scrolls of fog
 y - 2 scrolls of immolation
 E - a scroll of magic mapping
Potions
 c - 10 potions of curing
 h - 4 potions of heal wounds
 n - 4 potions of flight
 q - a potion of ambrosia
 v - 5 potions of attraction
 z - a potion of cancellation
 A - 2 potions of lignification
 B - 2 potions of mutation
 C - 2 potions of resistance
 D - 2 potions of might


   Skills:
 - Level 13.0 Fighting
 + Level 10.8 Armour
 - Level 10.0 Dodging
 - Level 2.1 Stealth
 - Level 9.3 Spellcasting
 - Level 10.0 Conjurations
 - Level 0.7 Transmutations
 - Level 12.0 Earth Magic


You had 25 spell levels left.
You knew the following spells:

 Your Spells              Type           Power      Damage    Failure   Level
a - Sandblast             Erth           100%       2d20      1%          1
b - Stone Arrow           Conj/Erth      100%       3d13      1%          3
c - Passwall              Tmut/Erth      46%        N/A       3%          2

Your spell library contained the following spells:

 Spells                   Type           Power      Damage    Failure   Level
 Foxfire                  Conj/Fire      100%       2x1d9     4%          1
 Hailstorm                Conj/Ice       49%        3d11      12%         3
 Petrify                  Tmut/Erth      56%        N/A       22%         4
 Freeze                   Ice            60%        1d7       30%         1
 Slow                     Hex            60%        N/A       30%         1
 Flame Wave               Conj/Fire      49%        2d12      36%         4
 Sticky Flame             Conj/Fire      49%        2d7       36%         4
 Ensorcelled Hibernation  Hex/Ice        30%        N/A       43%         2
 Iron Shot                Conj/Erth      37%        9d7       45%         6
 Confusing Touch          Hex            15%        N/A       67%         3
 Frozen Ramparts          Ice            30%        1d5       67%         3
 Inner Flame              Hex/Fire       15%        N/A       67%         3
 Swiftness                Air            15%        N/A       67%         3
 Vampiric Draining        Necr           15%        2d7       67%         3
 Irradiate                Conj/Tmut      25%        3d20      67%         5
 Fireball                 Conj/Fire      24%        3d11      73%         5
 Ice Form                 Ice/Tmut       18%        N/A       95%         4
 Manifold Assault         Tloc           15%        N/A       97%         4
 Summon Ice Beast         Ice/Summ       15%        N/A       97%         4
 Starburst                Conj/Fire      24%        6d8       99%         6
 Blade Hands              Tmut           10%        N/A       100%        5
 Summon Mana Viper        Hex/Summ       15%        N/A       100%        5
 Dispersal                Tloc           7%         N/A       100%        6
 Plasma Beam              Fire/Air       7%         2x1d20    100%        6
 Dragon Form              Tmut           10%        N/A       100%        7
 Monstrous Menagerie      Summ           7%         N/A       100%        7
 Disjunction              Tloc           7%         N/A       100%        8


Dungeon Overview and Level Annotations

Branches:
Dungeon (11/15)            Temple (1/1) D:4            Lair (5/5) D:10
  Swamp (0/4) Lair:2       Spider (0/4) Lair:2        Slime (0/5) Lair:4
    Orc (2/2) D:11            Elf (0/3) Orc:2

Altars:
Ashenzari
Cheibriados
Dithmenos
Elyvilon
Fedhas
Gozag
Hepliaklqana
Kikubaaqudgha
Makhleb
Nemelex Xobeh
Okawaru
Qazlal
Ru
Sif Muna
Trog
Uskayaw
Vehumet
Wu Jian
Xom
Yredelemnul
Zin
The Shining One
Jiyva

Shops:
D:10 [[:   Orc:1 !

Annotations:
D:6 3 runed translucent doors, lotum's ghost, novice DECj
Lair:4 exclusion: 2 oklob plants
Orc:1 3 runed translucent doors, Segg's ghost, adept GnSk
Orc:2 Josephine; Saint Roka


Innate Abilities, Weirdness & Mutations

You are immune to sickness and miasma.
Your stone body is resilient. (AC +10)
You are immune to poison.
Your large and strong wings let you fly.
You resist negative energy. (rN+)
You are resistant to electric shocks. (rElec)
You are resistant to unholy torment.
You are immune to petrification.


Message History

Aim: an orc, wielding a +0 whip and wearing a +0 chain mail (89% to hit)
The blast of sand hits the orc but does no damage.
Casting: Sandblast (safe; 1% risk of failure)
Confirm with . or Enter, or press ? or * to list all spells.
Aiming: Sandblast (safe; 1% risk of failure)
Press: ? - help, Shift-Dir - straight line, f/p - orc
Aim: an orc, wielding a +0 whip and wearing a +0 chain mail (89% to hit)
The blast of sand hits the orc.
The orc is lightly wounded.
The orc sorcerer casts a spell at you. The bolt of fire hits you.
* * * LOW HITPOINT WARNING * * *
Casting: Sandblast (safe; 1% risk of failure)
Confirm with . or Enter, or press ? or * to list all spells.
Aiming: Sandblast (safe; 1% risk of failure)
Press: ? - help, Shift-Dir - straight line, f/p - orc
Aim: an orc, wielding a +0 whip and wearing a +0 chain mail (lightly wounded, 89% to hit)
The blast of sand hits the orc.
The orc is moderately wounded.
The orc is distracted by your dazzling golden aura.
Casting: Sandblast (safe; 1% risk of failure)
Confirm with . or Enter, or press ? or * to list all spells.
Aiming: Stone Arrow (safe; 1% risk of failure)
Press: ? - help, Shift-Dir - straight line, f/p - orc
Aim: an orc, wielding a +0 whip and wearing a +0 chain mail (moderately wounded, unaware, hasn't noticed you, 84% to hit)
The stone arrow hits the orc!
You kill the orc!
Casting: Stone Arrow (safe; 1% risk of failure)
Confirm with . or Enter, or press ? or * to list all spells.
Aiming: Stone Arrow (safe; 1% risk of failure)
Press: ? - help, Shift-Dir - straight line, f - orc sorcerer
Aim: an orc sorcerer, wielding a +0 dagger and wearing a +0 robe (72% to hit)
The stone arrow hits the orc sorcerer!!
The orc sorcerer is almost dead.
The orc sorcerer howls an incantation.
The orc sorcerer glows brightly for a moment.
The orc sorcerer points at you and mumbles some strange words.
The bolt of fire hits you!!
You die...
Your body crumbles into a pile of gold.

# ####. ###
......#.##.#
#.@...#
#....$#....#
##...$
.....#
....#.o
....## ...
#.$ ...## ..
... .### .
##.. .# $
##. .. ###


You could see an orc sorcerer.

Vanquished Creatures
  Rupert (Lair:5)
  2 hydras (Lair:5)
  A merfolk avatar (Lair:5)
  3 two-headed ogres (D:10)
  A catoblepas (Lair:5)
  A centaur warrior (D:9)
  A boulder beetle (Lair:3)
  6 death yaks
  Urug (D:10)
  An orc high priest (Orc:2)
  Sonja (Orc:1)
  A skyshark (Lair:4)
  Nergalle (Orc:1)
  Amaemon (Lair:3)
  A sea snake (Lair:5)
  3 orc knights (Orc:2)
  A harpy (Lair:4)
  3 orc sorcerers
  2 wolf spiders
  An oklob plant (D:10)
  A manticore (D:11)
  A cyclops (D:10)
  8 elephants
  3 black mambas
  7 cane toads
  An orange demon (Lair:3)
  A torpor snail (Lair:5)
  2 kobold demonologists (D:11)
  4 komodo dragons
  4 rime drakes
  6 trolls
  4 hornets
  A polar bear (Lair:4)
  A wind drake (Lair:5)
  Prince Ribbit (D:5)
  5 dream sheep (Lair:4)
  2 snapping turtles (Lair:5)
  8 blink frogs
  2 culicivoras (Lair:2)
  A jumping spider (Lair:2)
  3 wyverns
  2 shadows (D:11)
  36 yaks
  2 wraiths
  A vampire (D:11)
  2 basilisks
  3 steam dragons
  3 wargs
  8 water moccasins
  15 orc warriors
  Pargi (D:4)
  3 sky beasts
  5 ogres
  6 centaurs
  8 wolves
  2 phantoms
  3 kobold brigands
  8 bullfrogs
  2 gnoll sergeants
  3 necrophages (D:4)
  4 scorpions
  21 wights
  4 troll zombies (D:11)
  11 killer bees
  4 howler monkeys
  A centaur zombie (D:4)
  A human zombie (D:4)
  18 orc priests
  Crazy Yiuf (D:2)
  3 hounds
  3 jellies
  2 gnoll boudas
  3 iguanas
  A sleepcap (D:7)
  12 orc wizards
  A scorpion zombie (D:4)
  3 ogre zombies (D:11)
  3 hound zombies (D:4)
  2 mummies (D:4)
  Robin (D:2)
  26 gnolls
  6 adders
  An ufetubus (D:5)
  An adder zombie (D:4)
  5 worms
  2 dart slugs
  51 orcs
  A bat (D:3)
  4 endoplasms
  3 giant cockroaches
  14 goblins
  7 hobgoblins
  4 jackals (D:1)
  A quokka (D:3)
  3 ball pythons
  A frilled lizard (D:1)
  3 goblin skeletons (D:11)
  4 goblin zombies (D:11)
  A hobgoblin skeleton (D:11)
  A hobgoblin zombie (D:11)
  20 kobolds
  2 orc skeletons (D:11)
  13 orc zombies (D:11)
  5 rats
  A butterfly (Lair:1)
491 creatures vanquished.

Vanquished Creatures (others)
  An unseen horror (D:10)
1 creature vanquished.

Grand Total: 492 creatures vanquished

Notes
Turn   | Place    | Note
-------+----------+-------------------------------------------
     0 | D:1      | selver the Gargoyle Earth Elementalist began the quest for
                  | the Orb.
     0 | D:1      | Reached XP level 1. HP: 10/10 MP: 3/3
    79 | D:1      | Reached XP level 2. HP: 15/15 MP: 0/5
   909 | D:2      | Reached skill level 5 in Earth Magic
   909 | D:2      | Reached XP level 3. HP: 19/19 MP: 1/6
   985 | D:2      | Noticed Robin
   996 | D:2      | Killed Robin
  1153 | D:2      | Reached XP level 4. HP: 24/24 MP: 5/7
  1391 | D:2      | Found a runed translucent door.
  1392 | D:2      | Noticed Crazy Yiuf
  1429 | D:2      | Found a glowing silver altar of Zin.
  1658 | D:2      | Found a faded altar of an unknown god.
  2045 | D:2      | Killed Crazy Yiuf
  2328 | D:3      | Learned a level 3 spell: Stone Arrow
  2523 | D:3      | Reached XP level 5. HP: 10/28 MP: 5/8
  2538 | D:3      | Reached skill level 1 in Conjurations
  3296 | D:4      | Found a staircase to the Ecumenical Temple.
  3302 | Temple   | Entered the Ecumenical Temple
  3324 | Temple   | Became a worshipper of Gozag Ym Sagoz the Greedy
  3360 | D:4      | Noticed Pargi
  3364 | D:4      | Killed Pargi
  3365 | D:4      | Reached XP level 6. HP: 32/32 MP: 5/9
  3372 | D:4      | Identified the +1 sling "Xafiesi" {elec, +Blink rF- Int+8
                  | Dex-3}
  3394 | D:4      | Noticed a sky beast
  3636 | D:4      | Found an ancient bone altar of Kikubaaqudgha.
  3669 | D:4      | Reached XP level 7. HP: 36/36 MP: 7/10
  3896 | D:4      | Learned a level 2 spell: Passwall
  4427 | D:5      | Entered Level 5 of the Dungeon
  4464 | D:5      | Found a glowing silver altar of Zin.
  4465 | D:5      | Found a white marble altar of Elyvilon.
  4468 | D:5      | Found a glowing golden altar of the Shining One.
  4596 | D:5      | Found a basalt altar of Yredelemnul.
  4609 | D:5      | Reached XP level 8. HP: 41/41 MP: 8/11
  4736 | D:5      | Reached skill level 10 in Earth Magic
  4741 | D:5      | Reached skill level 5 in Conjurations
  4866 | D:5      | Noticed Prince Ribbit
  4947 | D:5      | Killed Prince Ribbit
  6018 | D:6      | Found a runed translucent gate.
  6018 | D:6      | Found a runed translucent gate.
  6018 | D:6      | Found a runed translucent gate.
  6057 | D:6      | Reached skill level 5 in Spellcasting
  6177 | D:6      | Found a broken altar of Ashenzari.
  6182 | D:6      | Reached XP level 9. HP: 45/45 MP: 13/17
  6288 | D:6      | Noticed lotum's ghost (novice DECj)
  6417 | D:6      | Found a stormy altar of Qazlal.
  7245 | D:7      | Reached XP level 10. HP: 50/50 MP: 20/23
  7268 | D:7      | Reached skill level 1 in Fighting
  7279 | D:7      | Reached skill level 2 in Fighting
  7364 | D:7      | Reached skill level 3 in Fighting
  7933 | D:8      | Reached skill level 4 in Fighting
  7994 | D:8      | Reached skill level 5 in Fighting
  8039 | D:8      | Reached skill level 6 in Fighting
  8349 | D:8      | Found a snail-covered altar of Cheibriados.
  8399 | D:8      | Found an ornate altar of the Wu Jian Council.
  8678 | D:8      | Reached skill level 7 in Fighting
  8831 | D:9      | Found a shimmering blue altar of Sif Muna.
  8831 | D:9      | Found a hazy altar of Hepliaklqana.
  8876 | D:9      | Noticed a centaur warrior
  8887 | D:9      | Killed a centaur warrior
  8888 | D:9      | Reached skill level 8 in Fighting
  9133 | D:9      | Reached skill level 9 in Fighting
  9412 | D:9      | Reached XP level 11. HP: 72/72 MP: 16/24
  9419 | D:9      | Reached skill level 10 in Fighting
 10047 | D:10     | Entered Level 10 of the Dungeon
 10050 | D:10     | Found a staircase to the Lair.
 10052 | D:10     | Noticed an oklob plant
 10070 | D:10     | Found a radiant altar of Vehumet.
 10162 | D:10     | Found a hide-covered altar of Uskayaw.
 10166 | D:10     | Noticed a +0 hand axe
 10166 | D:10     | Noticed a +0 dagger
 10237 | D:10     | Noticed a two-headed ogre
 10259 | D:10     | Killed a two-headed ogre
 10260 | D:10     | Reached skill level 11 in Fighting
 10711 | D:10     | Reached skill level 12 in Fighting
 10952 | D:10     | Noticed a cyclops
 10959 | D:10     | Noticed a two-headed ogre
 10961 | D:10     | Killed a cyclops
 10965 | D:10     | Killed a two-headed ogre
 10966 | D:10     | Reached skill level 13 in Fighting
 11098 | D:10     | Noticed a two-headed ogre
 11284 | D:10     | Killed a two-headed ogre
 11388 | D:10     | Identified the +8 dagger "Ohig" {venom, +Blink rPois Dex+4
                  | Stlth-}
 11507 | D:10     | Noticed Urug
 11522 | D:10     | Killed Urug
 11761 | D:10     | Killed an oklob plant
 11762 | D:10     | Reached XP level 12. HP: 74/84 MP: 15/25
 11813 | D:10     | Bought the Notes on the Volley and the Quake for 416 gold
                  | pieces
 11817 | Lair:1   | Entered Level 1 of the Lair of Beasts
 11897 | Lair:1   | Reached skill level 5 in Dodging
 12293 | Lair:1   | Noticed a death yak
 12809 | Lair:1   | Noticed a death yak
 12816 | Lair:1   | Noticed a death yak
 12817 | Lair:1   | Killed a death yak
 12835 | Lair:1   | Killed a death yak
 12989 | Lair:1   | Killed a death yak
 13916 | Lair:2   | Found a staircase to the Swamp.
 14187 | Lair:2   | Identified the +5 short sword of Gluttony {heavy, +Blink
                  | rElec rC- Dex+5}
 14570 | Lair:2   | Found a hole to the Spider Nest.
 15143 | Lair:3   | Noticed Amaemon
 15256 | Lair:3   | Killed Amaemon
 15604 | Lair:3   | Noticed a boulder beetle
 15612 | Lair:3   | Killed a boulder beetle
 16198 | D:10     | Bought a smoking scale mail for 333 gold pieces
 16198 | D:10     | Identified the +1 scale mail of Light {Int+3} (You bought
                  | it in a shop on level 10 of the Dungeon)
 16228 | D:10     | Bought a warped chain mail for 351 gold pieces
 16228 | D:10     | Identified the +7 chain mail of Space {Int+6} (You bought
                  | it in a shop on level 10 of the Dungeon)
 16256 | Lair:2   | Reached skill level 1 in Armour
 16256 | Lair:2   | Reached XP level 13. HP: 82/88 MP: 21/26
 16401 | Lair:4   | Reached skill level 10 in Dodging
 16886 | Lair:4   | Reached skill level 5 in Armour
 17125 | Lair:4   | Identified the amulet "Nexa" {Faith Rampage}
 17482 | Lair:4   | Found a viscous altar of Jiyva.
 17747 | Lair:4   | Found a staircase to the Slime Pits.
 17853 | Lair:5   | Entered Level 5 of the Lair of Beasts
 18084 | Lair:5   | Noticed Rupert
 18095 | Lair:5   | Paralysed by Rupert for 4 turns
 18106 | Lair:5   | Killed Rupert
 19062 | Lair:4   | Reached skill level 10 in Armour
 20053 | Lair:5   | Gained mutation: Your large and strong wings let you fly.
                  | [Gargoyle growth]
 20053 | Lair:5   | Reached XP level 14. HP: 83/94 MP: 0/27
 20827 | D:10     | Bought a +2 pair of boots of stealth for 301 gold pieces
 21332 | D:11     | Found a staircase to the Orcish Mines.
 22469 | Orc:1    | Entered Level 1 of the Orcish Mines
 22487 | Orc:1    | Noticed Nergalle
 22490 | Orc:1    | Killed Nergalle
 22690 | Orc:1    | Found an opulent altar of Gozag.
 22691 | Orc:1    | Found a runed translucent gate.
 22691 | Orc:1    | Found a runed translucent gate.
 22692 | Orc:1    | Found a runed translucent gate.
 22693 | Orc:1    | Noticed Segg's ghost (adept GnSk)
 22846 | Orc:1    | Noticed Sonja
 22860 | Orc:1    | Killed Sonja
 23006 | Orc:1    | Found Hampio's Distillery.
 23110 | Orc:1    | Bought a potion of might for 52 gold pieces
 23110 | Orc:1    | Bought a potion of curing for 39 gold pieces
 23110 | Orc:1    | Bought a potion of heal wounds for 65 gold pieces
 23110 | Orc:1    | Bought a potion of heal wounds for 65 gold pieces
 23110 | Orc:1    | Bought a potion of curing for 39 gold pieces
 23422 | Orc:2    | Entered Level 2 of the Orcish Mines
 23596 | Orc:2    | Found a staircase to the Elven Halls.
 23924 | Orc:2    | Reached skill level 10 in Conjurations
 24059 | Orc:2    | Noticed Josephine
 24070 | Orc:2    | Noticed Saint Roka
 24829 | Orc:2    | Paralysed by an orc sorcerer for 5 turns
 24988 | Orc:1    | Killed from afar by an orc sorcerer

Illustrated notes

Levels and vault maps discovered:
D:1:      heliophobic_arrival_ceremonial_halls, layout_loops_ring
D:2:      layout_basic, basic_altar, hellmonk_ecumenical_altar_arch_garden,
          minmay_between, uniq_robin, uniq_crazy_yiuf_cottage
D:3:      layout_basic, kennysheep_generic_room_6
D:4:      layout_cave_pools, lemuel_mausoleum_altar_kikubaaqudgha,
          minmay_temple_entry_wispy, kennysheep_generic_room_14, uniq_pargi
D:5:      layout_cave_pods, good_gods_mini_temple, mainiacjoe_overflow_24_doors,
          uniq_prince_ribbit1
D:6:      layout_cave_pods, mainiacjoe_overflow_paths,
          mainiacjoe_overflow_concentric_impassable, biasface_ghost_orc_armoury
D:7:      wander_river, layout_loops_ring
D:8:      layout_basic, lemuel_doored_altar, mainiacjoe_overflow_alcove_2,
          kennysheep_generic_room_7
D:9:      layout_irregular_city, gammafunk_temple_overflow_wave
D:10:     layout_roguey, dancing_weapons_uskayaw,
          mainiacjoe_overflow_small_starburst, dpeg_oklobed_lair, st_stairs_14,
          minmay_splitting_lines, hangedman_corner_corridor, uniq_urug
D:11:     layout_irregular_city, zombieorc2_lemuel
Temple:   hellmonk_temple_rainy
Lair:1:   layout_cave_pods, serial_rivers, chequers_serial_rivers_micro_b,
          chequers_serial_rivers_micro_c, chequers_serial_rivers_micro_a,
          chequers_serial_rivers_micro_a, chequers_serial_rivers_small_a
Lair:2:   layout_gridlike, swamp_mist, spider_nest_entry_funnel_web,
          serial_bayou_shore_b, lemuel_fruit_fields, infiniplex_staircase_pool_2
Lair:3:   layout_loops_ring, grunt_forest_small_clearings,
          minmay_stone_trees_small, uniq_amaemon
Lair:4:   layout_misc_corridors, minmay_slime_entry_oklob_enclosed,
          serial_bayou_shore_b
Lair:5:   gammafunk_lair_ancient_temple, layout_hall_layers, uniq_rupert
Orc:1:    layout_diamond_mine, ebering_ghost_gozag, serial_shops, shop,
          uniq_nergalle, uniq_snorg, uniq_sonja
Orc:2:    grunt_orc_cross, layout_diamond_mine, uniq_josephine

Skill      XL: |  1  2  3  4  5  6  7  8  9 10 11 12 13 14 |
---------------+-------------------------------------------+-----
Earth Magic    | 4 5 6 7 8 9 10 11 12 | 12.0
Conjurations   | 2 3 4 6 7 10 | 10.0
Spellcasting   | 5 9 |  9.3
Fighting       | 9 13 | 13.0
Dodging        | 4 9 10 | 10.0
Armour         | 1 10 | 10.8
Stealth        | |  2.1
Transmutations | |  0.7

Action                     |  1- 3 |  4- 6 |  7- 9 | 10-12 | 13-15 || total
---------------------------+-------+-------+-------+-------+-------++-------
  Melee: Unarmed           |    10 |       |       |       |       ||    10
         Short sword       |    12 |    19 |     2 |       |     2 ||    35
         Dagger            |       |       |       |       |     9 ||     9
   Fire: Sling             |       |       |    60 |   148 |   157 ||   365
   Cast: Sandblast         |    42 |    80 |    97 |   209 |   278 ||   706
         Stone Arrow       |       |       |    23 |   126 |   228 ||   377
 Invoke: Call Merchant     |       |       |       |     2 |     1 ||     3
Ability: Evoke Blink       |       |       |       |     1 |       ||     1
    Use: Scroll            |       |     5 |     3 |    13 |     9 ||    30
         Potion            |       |     2 |     2 |     5 |     4 ||    13
 Armour: Robe              |    14 |    15 |     4 |       |       ||    33
         Leather armour    |       |       |     7 |   104 |    79 ||   190
         Chain mail        |       |       |       |       |   196 ||   196
  Dodge: Dodged            |    16 |    28 |    52 |   190 |   307 ||   593
